Map: King's Cove LE

Players

Lambo

  • Race: Zerg Zerg
  • Spawn Location: 11:00

SKillous - Winner!

  • Race: Protoss Protoss
  • League: Grandmaster
  • Spawn Location: 5:00

Event: HomeStory Cup XXVI

VOD

Have the link to the VOD?

Description

Time

  • Played on: Nov. 29, 2024, 7:15 a.m.
  • Length: 16:26

All games in this series

Show
View Real Time Build Order
Export as new Build Order

Lambo Zerg 

Build Orders: Hatch First, Lurkers 

Get SALT Encoding   

  12  0:00  Drone  
  13  0:07  Drone  
  14  0:15  Extractor  
  14  0:16  Drone  
  15  0:22  Overlord  
  15  0:40  Drone  
  16  0:45  Drone  
  17  0:54  Drone  
  17  0:55  Hatchery  
  17  0:58  Drone  
  18  1:08  Extractor  
  17  1:14  Spawning Pool  
  17  1:16  Drone  
  17  1:20  Drone  
  18  1:26  Drone  
  19  1:39  Drone  
  20  1:50  Overlord  
  20  2:00  Queen  
  22  2:06  Queen  
  22  2:07  Drone, Zergling x2  
  26  2:11  Metabolic Boost  
  26  2:14  Zergling x2  
  27  2:18  Drone  
  27  2:21  Drone  
  29  2:29  Drone  
  30  2:31  Drone  
  31  2:41  Drone  
  32  2:44  Hatchery  
  32  2:49  Overlord  
  31  2:51  Drone  
  32  2:59  Queen  
  32  3:03  Drone, Zergling x2  
  36  3:10  Queen  
  38  3:13  Drone  
  38  3:16  Overlord  
  38  3:19  Drone  
  39  3:30  Drone x3  
  39  3:32  Drone x2  
  44  3:34  Drone  
  44  3:39  Spore Crawler  
  44  3:40  Overlord  
  44  3:42  Drone  
  45  3:49  Queen  
  45  3:51  Drone  
  45  3:55  Overlord  
  48  3:59  Drone x3  
  48  4:01  Drone  
  52  4:10  Zergling x4  
  52  4:12  Spore Crawler  
  52  4:15  Zergling x2  
  52  4:16  Drone x5  
  58  4:18  Drone  
  58  4:21  Drone  
  58  4:22  Drone x2  
  62  4:29  Overlord  
  62  4:30  Drone  
  63  4:32  Drone  
  63  4:35  Spore Crawler  
  63  4:39  Drone x4  
  63  4:42  Overlord  
  63  4:43  Drone  
  67  4:50  Drone x3  
  70  4:55  Hatchery  
  70  4:58  Drone x3  
  72  5:00  Lair  
  72  5:04  Zergling x4  
  75  5:07  Drone x3  
  75  5:10  Drone x2  
  75  5:11  Extractor  
  75  5:12  Extractor  
  75  5:14  Drone  
  78  5:15  Drone  
  78  5:16  Drone, Roach Warren  
  78  5:18  Overlord  
  79  5:21  Extractor  
  79  5:22  Drone  
  79  5:24  Drone  
  80  5:32  Drone x5, Evolution Chamber  
  84  5:36  Hatchery  
  84  5:37  Drone x3  
  84  5:40  Drone x2  
  84  5:41  Extractor  
  88  5:42  Extractor  
  88  5:48  Drone  
  88  5:52  Zergling x8  
  88  5:54  Drone  
  93  5:59  Hatchery  
  93  6:00  Zerg Missile Weapons Level 1  
  93  6:01  Overlord x2  
  93  6:03  Overlord x2  
  91  6:05  Overseer  
  91  6:06  Hydralisk Den  
  91  6:08  Infestation Pit  
  95  6:11  Drone x6  
  95  6:20  Overlord  
  95  6:22  Zergling x10  
  100  6:26  Extractor  
  100  6:29  Drone x3  
  100  6:31  Spore Crawler, Zergling x2, Extractor  
  100  6:32  Zergling x6  
  104  6:35  Grooved Spines  
  104  6:36  Hydralisk x2  
  108  6:44  Hydralisk  
  108  6:45  Hydralisk  
  108  6:46  Drone  
  112  6:48  Drone x4  
  115  6:56  Drone x2  
  115  6:58  Drone  
  118  7:02  Hive  
  118  7:04  Hydralisk x5  
  118  7:05  Lurker Den  
  118  7:07  Hydralisk  
  118  7:08  Hydralisk  
  131  7:11  Hydralisk  
  131  7:12  Hydralisk  
  131  7:14  Hydralisk  
  137  7:17  Zergling x4  
  137  7:19  Drone x2  
  137  7:20  Drone  
  142  7:23  Pneumatized Carapace  
  142  7:25  Overlord  
  142  7:29  Overlord  
  142  7:33  Overlord x2  
  142  7:35  Muscular Augments  
  142  7:36  Overlord  
  142  7:38  Overlord  
  142  7:39  Overlord  
  142  7:40  Overlord  
  142  7:44  Spine Crawler  
  142  7:46  Drone x4  
  142  7:48  Hydralisk x2  
  142  7:50  Drone  
  150  7:52  Hydralisk x2  
  154  8:00  Hydralisk x4  
  162  8:11  Hydralisk x3  
  162  8:12  Hydralisk x4  
  176  8:17  Seismic Spines  
  176  8:21  Nydus Network  
  176  8:26  Overlord  
  174  8:28  Lurker  
  174  8:29  Lurker x4  
  180  8:34  Drone x2  
  180  8:36  Lurker  
  180  8:39  Spore Crawler  
  180  8:41  Lurker  
  182  8:45  Zergling x34  
  197  8:50  Overlord  
  197  8:53  Overseer  
  197  8:54  Overlord  
  196  8:56  Zergling x4  
  196  8:57  Zergling x4  
  196  8:59  Zerg Missile Weapons Level 2  
  196  9:02  Nydus Canal  
  200  9:05  Overlord  
  200  9:13  Zergling x12  
  199  9:18  Overlord  
  199  9:19  Nydus Canal  
  188  9:28  Zergling x40  
  186  9:33  Overseer  
  186  9:37  Lurker x6  
  186  9:38  Nydus Canal  
  176  9:39  Zergling x10  
  172  9:45  Hydralisk  
  172  9:46  Zergling x4, Hydralisk x3  
  170  9:56  Extractor  
  170  9:57  Drone x4  
  170  9:58  Extractor  
  170  9:59  Adaptive Talons  
  169  10:03  Hydralisk x4  
  177  10:10  Nydus Canal  
  176  10:14  Overlord, Hydralisk x2  
  176  10:15  Hydralisk  
  176  10:18  Overlord  
  176  10:20  Overseer  
  181  10:23  Overlord  
  181  10:25  Overlord  
  181  10:28  Overlord, Adrenal Glands  
  179  10:31  Nydus Canal  
  179  10:35  Overlord  
  179  10:36  Lurker  
  180  10:44  Overlord  
  180  10:46  Overlord  
  180  10:47  Lurker  
  180  10:48  Overlord x2, Lurker x2  
  183  10:50  Overlord  
  183  10:51  Hatchery  
  183  10:54  Hydralisk x4  
  185  10:59  Lurker  
  185  11:01  Overlord  
  185  11:04  Evolution Chamber  
  185  11:05  Unknown  
  185  11:14  Hydralisk x9  
  185  11:16  Zergling x14  
  185  11:17  Overlord  
  196  11:20  Overlord  
  194  11:29  Zergling x18  
  197  11:34  Nydus Canal  
  197  11:36  Lurker x4  
  186  11:40  Zergling x20  
  186  11:43  Overseer x2  
  183  11:47  Hydralisk x4  
  178  11:55  Hydralisk x5  
  178  11:57  Nydus Canal  
  178  11:59  Zergling x4  
  169  12:07  Overlord  
  163  12:10  Hydralisk x2  
  163  12:11  Hydralisk x4  
  163  12:13  Overlord  
  167  12:17  Drone x3  
  167  12:19  Overseer  
  167  12:20  Overlord  
  167  12:21  Lurker x2  
  172  12:27  Hydralisk x3  
  172  12:29  Overseer  
  178  12:35  Hydralisk x2  
  178  12:36  Lurker  
  178  12:37  Lurker x2  
  181  12:41  Extractor  
  181  12:43  Zergling x16, Extractor  
  185  12:46  Overlord  
  182  12:53  Hydralisk x5  
  176  13:05  Hydralisk x7  
  176  13:11  Lurker x3  
  190  13:19  Zerg Missile Weapons Level 3  
  185  13:21  Lurker  
  185  13:26  Spine Crawler  
  185  13:27  Hydralisk x2  
  185  13:28  Lurker  
  185  13:30  Zergling x14  
  185  13:33  Lurker  
  198  13:36  Hatchery  
  198  13:37  Nydus Canal  
  198  13:39  Lurker x2  
  199  13:41  Overseer  
  199  13:45  Hydralisk  
  199  13:46  Overlord  
  199  13:48  Lurker  
  200  13:49  Overlord  
  200  13:54  Nydus Canal  
  199  13:56  Overlord  
  193  14:06  Hydralisk x2  
  193  14:07  Zergling x12, Hydralisk  
  193  14:08  Zergling x2  
  197  14:11  Zergling x14  
  197  14:12  Overlord  
  198  14:19  Overlord  
  198  14:20  Overlord  
  198  14:23  Overlord  
  184  14:24  Overlord  
  184  14:26  Overlord  
  184  14:28  Hydralisk x3  
  184  14:29  Spire  
  172  14:35  Overseer  
  170  14:40  Viper x2  
  170  14:43  Drone  
  177  14:46  Lurker x3  
  177  14:48  Hydralisk x5  
  177  14:52  Lurker x3  
  193  15:03  Hydralisk x4  
  199  15:11  Hydralisk x3  
  192  15:23  Hydralisk x9  
  192  15:28  Hydralisk x2  
  177  15:32  Hydralisk x2  
  157  15:36  Hydralisk x2  
  157  15:40  Hydralisk x2  
  149  15:45  Hydralisk x3  
  140  15:55  Hydralisk x3  
  128  16:00  Hydralisk  
Show
View Real Time Build Order
Export as new Build Order

SKillous Protoss - Winner!

Build Orders: 1 Gate Expand, Oracle Opening 

Get SALT Encoding   

  12  0:00  Probe  
  13  0:12  Probe  
  14  0:18  Pylon  
  14  0:24  Probe  
  15  0:33  Probe  
  15  0:40  Gateway  
  15  0:41  Probe  
  17  0:50  Assimilator  
  17  0:51  Probe  
  18  1:03  Probe  
  19  1:15  Probe  
  20  1:26  Nexus  
  20  1:37  Cybernetics Core  
  20  1:41  Probe  
  21  1:47  Assimilator  
  21  1:53  Probe  
  22  1:58  Pylon  
  22  2:05  Probe  
  22  2:06  Adept  
  23  2:17  Probe  
  23  2:20  Stargate  
  26  2:29  Probe  
  27  2:30  Warp Gate  
  27  2:35  Probe  
  27  2:37  Adept  
  27  2:41  Probe  
  27  2:43  Probe  
  32  2:53  Probe x2  
  32  2:54  Oracle  
  37  3:05  Probe x2  
  37  3:11  Pylon  
  39  3:18  Probe x2  
  41  3:24  Oracle  
  41  3:30  Probe  
  45  3:35  Probe  
  45  3:39  Gateway  
  45  3:40  Adept  
  46  3:42  Probe  
  46  3:47  Probe, Pylon  
  48  3:54  Probe  
  49  3:59  Probe  
  50  4:05  Nexus  
  50  4:06  Oracle  
  50  4:08  Probe  
  54  4:12  Probe  
  54  4:15  Assimilator  
  55  4:18  Assimilator, Probe  
  56  4:24  Probe  
  56  4:26  Probe  
  56  4:29  Twilight Council  
  58  4:31  Forge  
  58  4:36  Probe  
  58  4:38  Pylon, Probe  
  60  4:48  Probe x2  
  62  4:54  Gateway  
  62  4:56  Gateway, Blink  
  62  4:59  Probe  
  62  5:00  Probe  
  62  5:03  Gateway  
  64  5:08  Protoss Ground Weapons Level 1  
  64  5:09  Probe  
  64  5:12  Probe  
  64  5:13  Probe  
  66  5:18  Shield Battery  
  66  5:21  Probe x2  
  68  5:24  Stalker, Probe  
  72  5:29  Stalker  
  72  5:33  Probe  
  72  5:34  Probe  
  76  5:38  Probe  
  77  5:43  Templar Archives  
  77  5:45  Pylon, Probe  
  77  5:46  Probe  
  77  5:48  Stalker  
  81  5:50  Assimilator  
  81  5:52  Assimilator  
  81  5:53  Pylon  
  81  5:55  Stalker  
  83  5:58  Probe  
  83  6:02  Probe  
  85  6:04  Probe, Pylon  
  85  6:09  Stalker x3  
  85  6:10  Probe  
  93  6:12  Psionic Storm  
  93  6:15  Pylon  
  93  6:23  Probe  
  95  6:28  Stalker x2  
  98  6:33  Stalker x3  
  98  6:37  Pylon  
  104  6:40  Gateway  
  104  6:48  Nexus  
  104  6:57  Probe x2  
  104  6:58  Probe  
  107  7:06  High Templar x4  
  107  7:07  Gateway  
  115  7:08  Gateway  
  115  7:09  Protoss Ground Weapons Level 2, Probe  
  115  7:10  Probe, Photon Cannon  
  115  7:11  Shield Battery  
  115  7:12  Zealot  
  119  7:22  Photon Cannon  
  119  7:24  Shield Battery, Photon Cannon  
  119  7:27  Pylon  
  119  7:29  Probe x2  
  121  7:31  Charge  
  121  7:36  High Templar  
  123  7:39  High Templar  
  125  7:44  Photon Cannon  
  125  7:45  Shield Battery, Probe x2, Photon Cannon  
  125  7:46  Probe  
  125  7:50  Shield Battery  
  128  7:57  Assimilator, Probe x2  
  130  8:00  Fleet Beacon  
  130  8:01  Assimilator, Probe  
  130  8:02  Oracle, Probe  
  132  8:09  Probe x2  
  128  8:18  Stargate  
  128  8:20  High Templar  
  128  8:21  Zealot x3  
  128  8:23  Photon Cannon  
  128  8:25  Pylon  
  136  8:32  Zealot  
  136  8:33  Zealot x3  
  144  8:37  Pylon  
  144  8:39  Oracle  
  148  8:43  Probe x3  
  150  8:52  Tempest, Pylon  
  150  8:53  Pylon x2  
  150  8:54  Pylon  
  158  9:04  Stalker  
  158  9:06  Mothership  
  164  9:14  Stalker x4  
  162  9:24  Stalker x3  
  149  9:34  Stalker  
  149  9:36  Tempest x2  
  149  9:37  Archon, Probe x2  
  141  9:40  Probe  
  136  9:49  Probe x2  
  140  10:02  Protoss Ground Weapons Level 3, Probe, Photon Cannon  
  140  10:03  Probe  
  140  10:04  High Templar, Photon Cannon  
  140  10:07  High Templar x2, Photon Cannon  
  144  10:08  Probe  
  144  10:09  Tempest  
  149  10:14  Probe  
  149  10:15  Probe  
  149  10:19  Tempest  
  155  10:34  Photon Cannon  
  159  10:36  Photon Cannon  
  159  10:39  Protoss Air Weapons Level 1  
  159  10:44  Stalker x2  
  159  10:46  Carrier  
  163  10:50  Pylon  
  163  10:51  Robotics Facility  
  163  10:56  High Templar  
  171  11:05  Nexus  
  171  11:06  Pylon  
  171  11:10  Void Ray  
  175  11:20  Cybernetics Core  
  175  11:22  Zealot x7  
  175  11:23  Forge  
  181  11:36  Zealot  
  181  11:37  Probe  
  169  11:40  Probe  
  169  11:43  Zealot x5  
  169  11:44  Probe x2  
  174  11:48  Observer  
  174  11:49  Probe  
  174  11:53  Probe  
  177  11:56  Probe x2  
  177  12:01  Probe  
  163  12:05  Probe  
  163  12:08  Protoss Shields Level 1  
  164  12:11  Protoss Air Armor Level 1  
  164  12:12  Zealot x8, Carrier, Warp Prism  
  188  12:32  High Templar x6  
  188  12:36  Archon  
  200  12:43  Protoss Ground Armor Level 1  
  200  12:46  Pylon  
  200  12:48  Pylon  
  200  12:53  Photon Cannon  
  200  13:09  Pylon  
  200  13:16  Nexus  
  186  13:21  High Templar  
  186  13:23  Gateway  
  186  13:24  Gateway  
  186  13:25  Gateway  
  186  13:26  High Templar x5  
  196  13:29  Photon Cannon  
  196  13:30  Photon Cannon  
  196  13:31  Cybernetics Core, Photon Cannon  
  196  13:36  Shield Battery, Pylon  
  194  14:01  Archon x2  
  192  14:06  Zealot x6  
  192  14:08  Probe  
  179  14:25  Carrier  
  183  14:39  High Templar x7  
  183  14:42  Nexus x2  
  183  14:43  Archon, Pylon  
  183  14:44  Archon x2  
  197  14:51  Photon Cannon  
  197  14:53  Photon Cannon  
  197  14:55  Pylon  
  197  14:56  Pylon  
  197  14:57  Photon Cannon  
  197  14:58  Shield Battery  
  167  15:18  Zealot x9  
  185  15:25  Immortal  
  167  15:30  Unknown  
  147  15:43  High Templar x7  
  147  15:44  Zealot  
  147  15:45  Zealot  
  147  15:47  Archon x3  
  151  16:09  Probe x3  
  151  16:11  Probe  
Tags
 
Add a new tag
Caveats
  • Supply blocks, unpowered buildings, or Contaminate may cause inaccurate times.
  • Supply counts are checked every 10 seconds.